 Dungeon Crawl Stone Soup version 0.28-a0-1429-gf3d713df7a (webtiles) character file.

Game seed: 6239092078499101540

221 shadowrider38 the Covered (level 5, -1/41 HPs)
             Began as a Gnoll Wanderer on Jan 8, 2022.
             Splashed by a jelly's acid (8 damage)
             ... in a sewer.
             The game lasted 00:07:53 (3231 turns).

shadowrider38 the Covered (Gnoll Wanderer)          Turns: 3231, Time: 00:07:54

Health: -1/41      AC:  6    Str: 20    XL:     5   Next: 98%
Magic:  9/9        EV:  8    Int:  8    God:
Gold:   94         SH:  0    Dex:  8    Spells: 9/10 levels left

rFire   . . .      SeeInvis .   a - +0 trident
rCold   . . .      Faith    .   (no shield)
rNeg    . . .      Spirit   .   p - +0 chain mail
rPois   .          Reflect  .   (no helmet)
rElec   .          Harm     .   (no cloak)
rCorr   .          Rampage  .   (no gloves)
Will    .....                   (no boots)
Stlth   ..........              (no amulet)
HPRegen 0.13/turn               (no ring)
MPRegen 0.11/turn               (no ring)

@: corroded
A: fangs 1, strong nose, distributed training
a: no special abilities


You were in a sewer.
You visited 1 branch of the dungeon, and saw 3 of its levels.
You also visited: Sewer.

You collected 94 gold pieces.

Inventory:

Hand Weapons
 a - a +0 trident (weapon)
Missiles
 e - 79 stones
 i - 6 poisoned darts
Armour
 p - a +0 chain mail (worn)
Scrolls
 c - a scroll of torment {unknown}
 f - 3 scrolls of identify {unknown}
 g - a scroll of magic mapping {unknown}
 h - a scroll of silence {unknown}
 j - a scroll of amnesia {unknown}
 l - a scroll of enchant weapon {unknown}
 m - a scroll of vulnerability {unknown}
 o - a scroll of teleportation {unknown}
Potions
 d - a potion of haste
 k - a potion of heal wounds {unknown}
 n - a potion of magic {unknown}


   Skills:
 + Level 3.1 Fighting
 + Level 1.7 Short Blades
 + Level 1.7 Long Blades
 + Level 1.7 Axes
 + Level 1.7 Maces & Flails
 + Level 4.9 Polearms
 + Level 1.7 Staves
 + Level 1.7 Slings
 + Level 1.7 Bows
 + Level 1.7 Crossbows
 + Level 1.7 Throwing
 + Level 6.7 Armour
 + Level 1.7 Dodging
 + Level 1.7 Stealth
 + Level 1.7 Shields
 + Level 1.7 Unarmed Combat
 + Level 3.3 Spellcasting
 + Level 1.3 Conjurations
 + Level 1.3 Hexes
 + Level 2.5 Summonings
 + Level 1.3 Necromancy
 + Level 1.3 Translocations
 + Level 1.3 Transmutations
 + Level 1.3 Fire Magic
 + Level 1.3 Ice Magic
 + Level 1.3 Air Magic
 + Level 1.3 Earth Magic
 + Level 1.3 Poison Magic
 + Level 5.0 Invocations
 + Level 1.7 Evocations


You had 9 spell levels left.
You knew the following spells:

 Your Spells              Type           Power      Damage    Failure   Level
a - Summon Small Mammal   Summ           20%        N/A       67%         1

Your spell library contained the following spells:

 Spells                   Type           Power      Damage    Failure   Level
 Apportation              Tloc           6%         N/A       83%         1
 Summon Guardian Golem    Hex/Summ       4%         N/A       98%         3
 Alistair's Intoxication  Tmut/Pois      2%         N/A       100%        5


Dungeon Overview and Level Annotations

Branches:
Dungeon (3/15)              Sewer (1/1)

Altars:

Shops:
D:1 =?([   D:2 =


Innate Abilities, Weirdness & Mutations

You have very sharp teeth.
Your uncanny sense of smell can sniff out nearby items.
Your experience applies equally to all skills.


Message History

The adder is almost dead.
The adder bites you. The adder barely misses you.
Unknown command.
Unknown command.
You closely miss the adder. You bite the adder, but do no damage.
The adder is almost dead.
The jelly completely misses you. The adder bites you.
Unknown command.
Unknown command.
You hit the adder.
You kill the adder!
The jelly closely misses you.
Your Invocations skill increases to level 5!
Found a scroll labelled FUJESHR GOURGH.
A worm comes into view.
Found a grey potion.
The jelly hits you but does no damage.
You are no longer corroded.
You enter the shallow water.
Moving in this stuff is going to be slow.
An endoplasm comes into view.
The endoplasm quivers.
Found a metallic brown potion.
You hit the jelly but do no damage. The acid corrodes you!
Your hands burn!
You bite the jelly.
The jelly is lightly wounded.
The jelly hits you but does no damage.
Unknown command.
Unknown command.
You barely miss the jelly. You bite the jelly.
The jelly is lightly wounded.
The jelly hits you.
You are splashed with acid!
* * * LOW HITPOINT WARNING * * *
Unknown command.
Unknown command.
Unknown command.
Okay, then.
The jelly hits you.
* * * LOW HITPOINT WARNING * * *
You are splashed with acid!
You die...

#!. ##..≈ ##..w.
##..≈≈ ##### #≈≈.#
##.≈.####≈.######
##≈@≈≈.##≈..#≈..≈##
#≈.J#≈≈.#.....≈†.∩##
#≈J.##≈..≈.≈.≈##≈≈≈#
##≈≈≈##≈≈≈≈≈≈≈.##.≈#
##≈≈!#≈...##..?#..#
.≈≈##≈....##.##.≈.
..##...≈≈..###≈≈≈≈
###≈.≈≈##≈..≈.≈≈≈#
##≈≈.≈.####.≈....##


You could see a jelly and an endoplasm.

Vanquished Creatures
  2 jellies (Sewer)
  5 adders
  3 river rats
  A worm (D:3)
  4 dart slugs
  4 ball pythons
  10 endoplasms
  6 giant cockroaches
  5 goblins
  5 hobgoblins
  7 quokkas
  8 bats
  7 frilled lizards
  5 kobolds
  8 rats
80 creatures vanquished.

Notes
Turn   | Place    | Note
-------+----------+-------------------------------------------
     0 | D:1      | shadowrider38 the Gnoll Wanderer began the quest for the
                  | Orb.
     0 | D:1      | shadowrider38 set off with the following items: a +0
                  | trident, a +0 scale mail; and the following spell
                  | memorised: Summon Small Mammal; and the following spells
                  | available to memorise: Summon Guardian Golem
     0 | D:1      | Reached XP level 1. HP: 17/17 MP: 4/4
    22 | D:1      | Found Exaxtupp's Antique Weapon Emporium.
   143 | D:1      | Reached XP level 2. HP: 19/23 MP: 5/5
   480 | D:1      | Found Xetuyn's Armour Shop.
   583 | D:1      | Found Puintos's Magic Scroll Boutique.
   646 | D:1      | Reached XP level 3. HP: 23/28 MP: 7/7
   693 | D:1      | Found Reuttaxt's Jewellery Emporium.
   975 | D:2      | Found Suggon's Jewellery Emporium.
  1377 | D:2      | Found a faded altar of an unknown god.
  1508 | D:3      | Reached skill level 1 in Short Blades
  1508 | D:3      | Reached skill level 1 in Long Blades
  1508 | D:3      | Reached skill level 1 in Axes
  1508 | D:3      | Reached skill level 1 in Maces & Flails
  1508 | D:3      | Reached skill level 1 in Staves
  1508 | D:3      | Reached skill level 1 in Slings
  1508 | D:3      | Reached skill level 1 in Bows
  1508 | D:3      | Reached skill level 1 in Crossbows
  1508 | D:3      | Reached skill level 1 in Throwing
  1508 | D:3      | Reached skill level 1 in Dodging
  1508 | D:3      | Reached skill level 1 in Stealth
  1508 | D:3      | Reached skill level 1 in Shields
  1508 | D:3      | Reached skill level 1 in Unarmed Combat
  1508 | D:3      | Reached skill level 1 in Evocations
  1682 | D:3      | Reached XP level 4. HP: 31/34 MP: 8/8
  2116 | D:3      | Reached skill level 1 in Conjurations
  2116 | D:3      | Reached skill level 1 in Hexes
  2116 | D:3      | Reached skill level 1 in Necromancy
  2116 | D:3      | Reached skill level 1 in Translocations
  2116 | D:3      | Reached skill level 1 in Transmutations
  2116 | D:3      | Reached skill level 1 in Fire Magic
  2116 | D:3      | Reached skill level 1 in Ice Magic
  2116 | D:3      | Reached skill level 1 in Air Magic
  2116 | D:3      | Reached skill level 1 in Earth Magic
  2116 | D:3      | Reached skill level 1 in Poison Magic
  2179 | D:3      | Found a glowing drain.
  2183 | Sewer    | Entered a sewer
  2716 | Sewer    | Reached XP level 5. HP: 38/40 MP: 9/9
  3216 | Sewer    | Reached skill level 5 in Invocations
  3231 | Sewer    | Splashed by a jelly's acid

Illustrated notes

Levels and vault maps discovered:
D:1:      dpeg_arrival_short_road, layout_basic, serial_shops, shop,
          nicolae_diamond_shop, nicolae_shop_stone, nicolae_shop_statue_plus
D:2:      layout_basic, serial_shops, shop, basic_ecumenical_altar,
          nicolae_figureground_pulse
D:3:      minmay_roachtagon, layout_basic, gup_sewer_entry_spiral
Sewer:    sewer_hellmonk_slimy_pipes

Skill      XL: |  1  2  3  4  5 |
---------------+----------------+-----
Summonings     | 2 |  2.5
Short Blades   | 1 |  1.7
Long Blades    | 1 |  1.7
Axes           | 1 |  1.7
Maces & Flails | 1 |  1.7
Staves         | 1 |  1.7
Slings         | 1 |  1.7
Bows           | 1 |  1.7
Crossbows      | 1 |  1.7
Throwing       | 1 |  1.7
Dodging        | 1 |  1.7
Stealth        | 1 |  1.7
Shields        | 1 |  1.7
Unarmed Combat | 1 |  1.7
Evocations     | 1 |  1.7
Spellcasting   | 3 |  3.3
Conjurations   | 1 |  1.3
Hexes          | 1 |  1.3
Necromancy     | 1 |  1.3
Translocations | 1 |  1.3
Transmutations | 1 |  1.3
Fire Magic     | 1 |  1.3
Ice Magic      | 1 |  1.3
Air Magic      | 1 |  1.3
Earth Magic    | 1 |  1.3
Poison Magic   | 1 |  1.3
Fighting       | 3 |  3.1
Invocations    | 5 |  5.0
Polearms       | |  4.9
Armour         | |  6.7

Action                   |  1- 3 |  4- 6 || total
-------------------------+-------+-------++-------
Melee: Trident           |   149 |   171 ||   320
       Bite              |    10 |    11 ||    21
       Punch             |     2 |     1 ||     3
 Cast: Summon Small Mamm |     1 |     3 ||     4
 Stab: Distracted        |       |     1 ||     1
Armor: Scale mail        |    62 |     8 ||    70
       Chain mail        |       |    77 ||    77
Dodge: Dodged            |    64 |    56 ||   120

Table legend: (Time is in decaauts)
 A = Elapsed time spent in this place.
 B = Non-inter-level travel time spent in this place.
 C = Inter-level travel time spent in this place.
 D = Time resting spent in this place.
 E = Time spent auto-exploring this place.
 F = Levels seen in this place.
 G = Mean time per level.
                   A        B        C        D        E       F      G
               +--------+--------+--------+--------+--------+-----+--------+
         Total |   3286 |   3162 |    124 |   1036 |   1217 |   4 |  821.5 |
       Dungeon |   2218 |   2094 |    124 |    316 |   1067 |   3 |  739.3 |
         Sewer |   1068 |   1068 |      0 |    720 |    150 |   1 | 1068.0 |
               +--------+--------+--------+--------+--------+-----+--------+

Top non-repeatable levels by time:
   Sewer: 1068 daAuts
     D:2: 778 daAuts
     D:1: 721 daAuts
     D:3: 718 daAuts
